 Dungeon Crawl Stone Soup version 0.30-a0-636-g200c5c4a83 (webtiles) character file.

Game seed: 8550220524140640200

1486 Rrauwl the Blocker (level 8, -2/97 HPs)
             Began as an Armataur Warper on Jan 15, 2023.
             Was a Follower of Okawaru.
             Slain by Grinder (3 damage)
             ... while paralysed by Grinder
             ... on level 6 of the Dungeon.
             The game lasted 00:23:20 (5968 turns).

Rrauwl the Blocker (Armataur Warper)                Turns: 5968, Time: 00:23:20

Health: -2/97      AC:  8    Str: 18    XL:     8   Next: 50%
Magic:  11/11      EV:  1    Int: 15    God:    Okawaru [*.....]
Gold:   309        SH:  0    Dex:  9    Spells: 9/11 levels left

rFire   . . .      SeeInvis .    n - +2 short sword (flame)
rCold   . . .      Faith    .    k - +0 kite shield
rNeg    . . .      Spirit   .    b - +0 leather armour
rPois   .          Reflect  .    (no helmet)
rElec   .          Harm     .    (no cloak)
rCorr   .          Roll     +    f - +2 pair of gloves {hurl}
Will    .....                    (no barding) Stlth
                                 s - amulet of magic regeneration
HPRegen 0.36/turn                (no ring)
MPRegen 0.52/turn                (no ring)

@: paralysed, berserking, studying Shields
A: large, rugged brown scales 3, deformed body, armoured tail, roll, long
tongue, awkward tongue
a: Renounce Religion, Heroism


You were on level 6 of the Dungeon.
You worshipped Okawaru.
Okawaru was aware of your devotion.
You visited 2 branches of the dungeon, and saw 7 of its levels.

You collected 309 gold pieces.

Inventory:

Hand Weapons
 i - a +4 lajatang of pain
 n - a +2 short sword of flaming (weapon)
 o - a +0 rapier
Missiles
 a - 8 poisoned darts (quivered)
 x - 2 boomerangs
Armour
 b - a +0 leather armour (worn)
 f - a +2 pair of gloves of hurling (worn)
 k - a +0 kite shield (worn)
 r - a +0 robe of willpower
Jewellery
 g - a ring of fire
 h - an amulet of faith
 s - an amulet of magic regeneration (around neck)
Scrolls
 c - 5 scrolls of blinking
 e - a scroll of teleportation
 u - 2 scrolls of identify
Potions
 j - 2 potions of curing
 l - a potion of attraction
 m - 3 potions of might
 q - 2 potions of heal wounds
 w - 2 potions of lignification


   Skills:
 - Level 2.0 Fighting
 - Level 5.1 Long Blades
 - Level 1.0 Throwing
 - Level 6.4 Armour
 - Level 2.0 Dodging
 + Level 9.3 Shields
 - Level 2.0 Spellcasting
 - Level 3.0 Translocations


You had 9 spell levels left.
You knew the following spells:

 Your Spells              Type           Power      Damage    Failure   Level
a - Blink                 Tloc           20%        N/A       22%         2

Your spell library contained the following spells:

 Spells                   Type           Power      Damage    Failure   Level
 Lesser Beckoning         Tloc           20%        N/A       38%         3
 Teleport Other           Tloc           10%        N/A       38%         3
 Sting                    Tmut/Pois      4%         1d3       43%         1
 Ensorcelled Hibernation  Hex/Ice        2%         N/A       58%         2
 Passwall                 Tmut/Erth      0%         N/A       58%         2
 Poisonous Vapours        Pois/Air       2%         N/A       58%         2
 Vhi's Electric Charge    Tloc/Air       12%        N/A       61%         3
 Manifold Assault         Tloc           10%        N/A       80%         4
 Swiftness                Air            1%         N/A       82%         3
 Olgreb's Toxic Radiance  Pois           1%         N/A       99%         4


Dungeon Overview and Level Annotations

Branches:
Dungeon (6/15)             Temple (1/1) D:5

Altars:
Ashenzari
Cheibriados
Dithmenos
Elyvilon
Gozag
Hepliaklqana
Kikubaaqudgha
Makhleb
Nemelex Xobeh
Okawaru
Ru
Sif Muna
Trog
Uskayaw
Vehumet
Wu Jian
Xom
Yredelemnul
Zin
The Shining One

Shops:
D:3 :

Annotations:
D:6 1 runed translucent door, Grinder, Pikel


Innate Abilities, Weirdness & Mutations

You are completely covered in rugged brown scales. (AC +3, +7% HP)
Armour fits poorly on your strangely shaped body.
You have a long armoured tail.
You roll when moving toward enemies. (Rampage)
Your long tongue fully drains potion bottles. (2x potion effects)
Your tongue gives you trouble enunciating. (1.5x scroll delay)


Message History

Press: ? - help, Shift-Dir - straight line, f/p - Grinder
Aim: Grinder (moderately wounded, strong, 57% to hit)
You throw a boomerang of dispersal.
The boomerang of dispersal closely misses Grinder.
A bullfrog comes into view.
Grinder gestures at you.
You struggle to resist.
Throw: boomerang (disperse)
Press: ? - help, Shift-Dir - straight line, f/p - Grinder
Aim: Grinder (moderately wounded, strong, 57% to hit)
You throw a boomerang of dispersal.
The boomerang of dispersal barely misses Grinder.
The bullfrog gives a loud, deep croak!
Grinder hits you.
You writhe in agony.
You slurp down every last drop of the potion of berserk rage!
A red film seems to cover your vision as you go berserk!
You feel yourself moving faster!
You feel mighty! You block Grinder's attack.
You hit Grinder. You burn Grinder.
Grinder is moderately wounded.
Grinder hits you but does no damage.
The bullfrog releases a deep croak.
You hit Grinder. You burn Grinder.
Your tail-slap misses Grinder.
Grinder is heavily wounded.
Grinder hits you!
You barely miss Grinder.
Grinder is heavily wounded.
You closely miss Grinder.
Your tail-slap misses Grinder.
Grinder is heavily wounded.
Grinder gestures at you.
You suddenly lose the ability to move!
Grinder hits you!
You writhe in agony.
Grinder gestures at you. Pain shoots through your body!
* * * LOW HITPOINT WARNING * * *
Grinder hits you!
* * * LOW HITPOINT WARNING * * *
Grinder hits you!
* * * LOW HITPOINT WARNING * * *
You writhe in agony.
You die...

S~SB#..............#####
#############..............###
#............................###
#..........................#....
#.....§§........#..........#####
#.....§§........##...#...#..###
#...§..§........##.....#.##...#
##.....§.......##..###.#..#.#.#.
##....§#......@#.## #.#.#...#..
#############5#.####.##.#.#.#.
#F...........#...#
##........#.#.#.#.
#(........#...#..
#.......<#.#.#.#.
##...........#...#
#...(.....#.#.#K#.
#..........#...#..


You could see Grinder (strong) and a bullfrog.

Vanquished Creatures
  A troll (D:5)
  A sky beast (D:6)
  A black bear (D:4)
  An ogre (D:5)
  4 lemures (D:6)
  Blork the orc (D:5)
  A necrophage (D:5)
  A bullfrog (D:5)
  A gnoll sergeant (D:4)
  2 howler monkeys
  2 orc priests (D:5)
  3 jellies
  5 hounds
  An iguana (D:6)
  2 orc wizards
  10 gnolls
  11 adders
  2 white imps
  2 worms
  A dart slug (D:4)
  11 orcs
  4 ball pythons
  7 endoplasms
  A giant cockroach (D:1)
  8 hobgoblins
  5 jackals
  6 kobolds
  3 quokkas
  5 bats
  4 frilled lizards
  5 goblins
  5 rats
117 creatures vanquished.

Vanquished Creatures (others)
  2 fungi (D:6)
  2 plants (D:6)
4 creatures vanquished.

Grand Total: 121 creatures vanquished

Notes
Turn   | Place    | Note
-------+----------+-------------------------------------------
     0 | D:1      | Rrauwl the Armataur Warper began the quest for the Orb.
     0 | D:1      | Reached XP level 1. HP: 18/18 MP: 3/3
   117 | D:1      | Reached skill level 1 in Throwing
   226 | D:1      | Reached XP level 2. HP: 22/25 MP: 4/4
   255 | D:1      | Learned a level 2 spell: Blink
   929 | D:2      | Reached XP level 3. HP: 31/31 MP: 6/6
  1032 | D:2      | Reached skill level 1 in Shields
  1464 | D:2      | Reached XP level 4. HP: 33/38 MP: 7/7
  1592 | D:3      | Found Leon's Book Shop.
  1831 | D:3      | Reached skill level 2 in Shields
  1963 | D:3      | Reached XP level 5. HP: 43/43 MP: 8/8
  2246 | D:3      | Found a faded altar of an unknown god.
  2798 | D:4      | Noticed a black bear
  2800 | D:4      | Killed a black bear
  2801 | D:4      | Reached skill level 3 in Shields
  2801 | D:4      | Reached XP level 6. HP: 51/51 MP: 9/9
  3619 | D:5      | Entered Level 5 of the Dungeon
  3720 | D:5      | Reached skill level 4 in Shields
  3733 | D:4      | Reached skill level 5 in Armour
  3733 | D:4      | Reached XP level 7. HP: 11/58 MP: 10/10
  4093 | D:5      | Found an opulent altar of Gozag.
  4217 | D:5      | Found a hide-covered altar of Uskayaw.
  4217 | D:5      | Noticed a +0 short sword
  4218 | D:5      | Noticed a +0 dagger
  4218 | D:5      | Noticed a +0 short sword
  4219 | D:5      | Noticed a +0 falchion
  4220 | D:5      | Noticed a +0 falchion
  4221 | D:5      | Noticed a +0 dagger
  4221 | D:5      | Noticed a +0 spear
  4222 | D:5      | Noticed a +0 spear
  4240 | D:5      | Found a staircase to the Ecumenical Temple.
  4263 | Temple   | Entered the Ecumenical Temple
  4436 | Temple   | Became a worshipper of Warmaster Okawaru
  4506 | D:5      | Found a shadowy altar of Dithmenos.
  4537 | D:5      | Found an ornate altar of the Wu Jian Council.
  4743 | D:5      | Noticed Blork the orc
  4748 | D:5      | Killed Blork the orc
  4843 | D:5      | Noticed a troll
  4847 | D:5      | Killed a troll
  4848 | D:5      | Reached skill level 5 in Long Blades
  4848 | D:5      | Reached skill level 5 in Shields
  4848 | D:5      | Reached XP level 8. HP: 55/65 MP: 11/11
  4850 | D:5      | Reached * piety under Okawaru
  5174 | D:5      | Reached skill level 6 in Shields
  5246 | D:6      | Noticed Pikel
  5329 | D:6      | Reached skill level 7 in Shields
  5438 | D:6      | Reached skill level 8 in Shields
  5813 | D:6      | Found a runed translucent door.
  5831 | D:6      | Reached skill level 9 in Shields
  5936 | D:6      | Noticed Grinder
  5946 | D:6      | Paralysed by Grinder for 4 turns
  5964 | D:6      | Paralysed by Grinder for 4 turns
  5968 | D:6      | HP: 1/97 [Grinder (14)]
  5968 | D:6      | Slain by Grinder

Illustrated notes

Levels and vault maps discovered:
D:1:      dpeg_arrival_concentric_ovals, layout_basic, nrook_loot_triangle,
          minivault_26, st_stairs_11
D:2:      layout_loops_ring, fountainhead
D:3:      layout_loops_corners, serial_shops, nicolae_shop_advertising_works
          [nicolae_subvault_shop_adworks],
          hellmonk_ecumenical_altar_leap_of_faith, minivault_19,
          dreamdust_wishing_well
D:4:      layout_basic
D:5:      layout_gridville, nicolae_gozag_cash_rules_everything_around_me,
          nicolae_uskayaw_en_pointe, mainiacjoe_overflow_catch_the_wave,
          minmay_temple_entry_mist, minmay_manual_maat, uniq_blork_the_orc
D:6:      layout_rooms, grunt_temple_overflow_forces_of_nature,
          ebering_ghost_sewer_f, interstate_on_off, kennysheep_crisscross,
          uniq_pikel, uniq_grinder, uniq_menkaure, uniq_edmund
Temple:   eino_temple_rhombus

Skill      XL: |  1  2  3  4  5  6  7  8 |
---------------+-------------------------+-----
Throwing       | 1 |  1.0
Fighting       | 2 |  2.0
Spellcasting   | 2 |  2.0
Long Blades    | 2 3 4 5 |  5.1
Armour         | 2 3 4 5 6 |  6.4
Shields        | 1 2 3 4 5 9 |  9.3
Dodging        | 2 |  2.0
Translocations | |  3.0

Action                   |  1- 3 |  4- 6 |  7- 9 || total
-------------------------+-------+-------+-------++-------
Melee: Falchion          |   130 |       |       ||   130
       Tailslap          |    14 |    27 |    36 ||    77
       Punch             |     1 |       |       ||     1
       Short sword       |       |   225 |   223 ||   448
Throw: Boomerang         |       |       |    10 ||    10
       Throwing net      |       |       |     3 ||     3
       Dart              |       |       |     2 ||     2
Invok: Heroism           |       |       |     1 ||     1
Evoke: Wand              |       |    12 |    14 ||    26
  Use: Scroll            |     4 |     5 |     6 ||    15
       Potion            |     6 |     2 |     3 ||    11
Armor: Leather armour    |    54 |    59 |    60 ||   173
Dodge: Dodged            |    53 |    53 |    42 ||   148
Block: Kite shield       |    37 |    57 |    91 ||   185

Table legend: (Time is in decaauts)
 A = Elapsed time spent in this place.
 B = Non-inter-level travel time spent in this place.
 C = Inter-level travel time spent in this place.
 D = Time resting spent in this place.
 E = Time spent auto-exploring this place.
 F = Levels seen in this place.
 G = Mean time per level.
                   A        B        C        D        E       F      G
               +--------+--------+--------+--------+--------+-----+--------+
         Total |   6009 |   5877 |    132 |     37 |   4610 |   7 |  858.4 |
       Dungeon |   5829 |   5703 |    126 |     37 |   4458 |   6 |  971.5 |
        Temple |    179 |    173 |      6 |      0 |    152 |   1 |  179.0 |
               +--------+--------+--------+--------+--------+-----+--------+

Top non-repeatable levels by time:
     D:4: 1295 daAuts
     D:5: 1278 daAuts
     D:3: 1021 daAuts
     D:1: 802 daAuts
     D:2: 751 daAuts
     D:6: 681 daAuts
  Temple: 179 daAuts
